Map: Lost and Found LE

Players

Ziggy

  • Race: Terran Terran
  • Spawn Location: 1:00

Tesla (Rob) - Winner!

  • Race: Protoss Protoss
  • Spawn Location: 7:00

Event: WCS Austin 2018

VOD

Have the link to the VOD?

Description

Time

  • Played on: June 1, 2018, 4:17 p.m.
  • Length: 12:26

All games in this series

Show
View Real Time Build Order
Export as new Build Order

Ziggy Terran 

Build Orders: Reaper Expand, MMM Bio 

Get SALT Encoding   

  12  0:00  SCV  
  13  0:12  SCV  
  14  0:17  Supply Depot  
  14  0:24  SCV  
  15  0:38  SCV  
  15  0:40  Barracks  
  16  0:45  Refinery  
  16  0:50  SCV  
  17  1:02  SCV  
  18  1:15  SCV  
  19  1:28  Reaper  
  19  1:29  Orbital Command  
  20  1:35  Refinery  
  19  1:51  Command Center  
  19  1:56  Barracks  
  19  1:59  SCV  
  20  2:02  Barracks Reactor  
  20  2:11  SCV  
  20  2:12  Supply Depot  
  21  2:21  Refinery  
  21  2:23  SCV  
  22  2:35  SCV  
  23  2:40  Marine x2  
  25  2:44  Barracks Tech Lab  
  25  2:48  SCV  
  26  2:51  Factory  
  26  2:58  Marine x2  
  26  3:00  SCV  
  26  3:05  Stimpack  
  29  3:07  Marine  
  29  3:11  Orbital Command  
  29  3:12  SCV  
  30  3:16  Marine  
  30  3:17  Marine  
  32  3:24  Marine, SCV  
  34  3:34  Marine x2  
  35  3:36  SCV  
  35  3:37  SCV  
  35  3:38  Starport  
  35  3:40  Factory Reactor  
  38  3:49  SCV  
  38  3:50  SCV  
  38  3:51  Marauder  
  38  3:55  Marine  
  42  4:00  Marine  
  42  4:01  SCV  
  42  4:02  SCV  
  45  4:06  Supply Depot  
  44  4:13  SCV  
  44  4:14  SCV  
  46  4:26  Engineering Bay  
  46  4:32  Supply Depot x2  
  46  4:33  Marauder, Medivac x2, SCV x2  
  54  4:44  Barracks  
  54  4:48  Barracks, SCV  
  54  4:50  SCV  
  54  4:53  Marine x2  
  54  4:54  Marine  
  55  5:00  Missile Turret  
  55  5:01  SCV  
  55  5:05  Missile Turret  
  56  5:09  Factory Reactor, SCV  
  56  5:11  Marine x2  
  56  5:12  Terran Infantry Weapons Level 1  
  56  5:14  SCV  
  60  5:15  Combat Shields  
  60  5:22  SCV  
  60  5:24  Supply Depot  
  60  5:26  SCV  
  60  5:28  Refinery  
  62  5:30  Marine x2  
  64  5:37  SCV, Barracks Tech Lab  
  64  5:38  SCV  
  64  5:39  Marauder  
  69  5:43  Barracks Reactor  
  69  5:47  Medivac  
  69  5:48  Marine  
  70  5:52  SCV x2  
  70  5:55  Marine x2  
  70  5:56  Refinery  
  74  6:02  Barracks  
  74  6:04  Marine, SCV  
  74  6:05  Barracks  
  74  6:06  Factory Tech Lab  
  74  6:10  Supply Depot  
  76  6:13  Supply Depot  
  76  6:14  Marauder  
  76  6:15  Liberator  
  78  6:25  Concussive Shells  
  78  6:31  Supply Depot  
  78  6:32  Supply Depot, Marauder, Marine x2  
  85  6:36  Liberator, Siege Tank  
  85  6:39  Marine x2  
  90  6:45  Marine  
  91  6:49  Marine x2  
  91  6:52  Marine  
  91  6:54  Marauder, Marine  
  100  7:02  Marine x2, Supply Depot  
  100  7:03  Marine  
  100  7:04  Marauder  
  100  7:06  Liberator  
  105  7:09  Siege Tank  
  108  7:19  Marine x2  
  110  7:23  Marauder, Marine  
  110  7:25  Supply Depot  
  116  7:37  Marauder, Marine x2  
  116  7:44  Liberator  
  116  7:45  Marauder  
  116  7:46  Supply Depot, Siege Tank  
  116  7:47  Supply Depot  
  121  7:58  Marine x3  
  117  7:59  Marauder  
  124  8:07  Marauder  
  123  8:14  Marine x2  
  123  8:17  Marine x2  
  126  8:20  Marauder  
  126  8:21  Siege Tank  
  128  8:28  Marauder  
  128  8:31  Barracks Tech Lab  
  128  8:34  Marine x2  
  124  8:40  Marine x4  
  124  8:42  Marauder  
  126  8:49  Marauder  
  126  8:52  Marine x2  
  126  8:55  Marine  
  118  8:58  Marine x2  
  118  8:59  Marine x2  
  101  9:03  Marauder  
  101  9:04  Terran Infantry Armor Level 1  
  94  9:11  Marauder  
  94  9:13  Marauder  
  94  9:16  Command Center  
  98  9:20  Marine x4  
  100  9:26  Marauder  
  100  9:29  Siege Tank  
  105  9:32  Marauder  
  105  9:35  Marine x2  
  109  9:38  Marine  
  109  9:39  Marauder  
  109  9:41  SCV  
  109  9:43  Marine x2  
  115  9:47  SCV  
  115  9:49  Marine  
  115  9:50  Marauder  
  119  9:53  SCV  
  119  9:56  Armory  
  119  9:59  Marine  
  112  10:00  Marauder  
  112  10:01  Siege Tank  
  112  10:04  Ghost Academy  
  118  10:09  Marine x3  
  118  10:10  Marauder  
  118  10:11  SCV  
  118  10:13  Marine  
  125  10:20  Engineering Bay  
  125  10:21  Marine x2  
  125  10:35  Marine x4  
  115  10:36  Marauder  
  119  10:43  Medivac x2  
  112  10:51  Marauder, Marine  
  102  10:57  Marine  
  102  10:58  Marauder  
  102  11:00  Marine  
  102  11:01  Marine x2  
  97  11:07  Ghost  
  97  11:13  SCV x2  
  97  11:14  Marine x2  
  99  11:26  Marine  
  99  11:27  Marauder  
  99  11:31  Marauder, Marine  
  79  11:38  Orbital Command  
  79  11:39  Ghost  
  81  11:46  SCV  
  80  11:47  Ghost  
  80  11:50  Marine  
  82  12:03  Marine x2  
  82  12:06  SCV  
Show
View Real Time Build Order
Export as new Build Order

Tesla Protoss - Winner!

Build Orders: 1 Gate Expand, Oracle Opening 

Get SALT Encoding   

  12  0:01  Probe  
  13  0:13  Probe  
  14  0:22  Pylon  
  14  0:25  Probe  
  15  0:36  Probe  
  15  0:40  Gateway  
  16  0:44  Probe  
  16  0:45  Assimilator  
  17  0:54  Probe  
  18  1:06  Probe  
  19  1:24  Nexus  
  19  1:31  Cybernetics Core  
  19  1:33  Probe  
  20  1:45  Probe  
  21  1:52  Assimilator  
  21  1:57  Pylon  
  21  1:58  Probe  
  22  2:06  Adept  
  22  2:07  Warp Gate  
  21  2:08  Probe  
  24  2:17  Probe  
  25  2:25  Probe  
  26  2:32  Stalker  
  27  2:37  Probe  
  27  2:42  Probe  
  29  2:49  Probe  
  30  2:54  Probe  
  30  2:55  Stargate  
  31  2:59  Probe  
  32  3:06  Probe  
  32  3:07  Stalker, Probe  
  36  3:17  Probe  
  36  3:18  Probe  
  38  3:29  Probe  
  38  3:30  Probe  
  38  3:34  Gateway  
  40  3:35  Gateway  
  40  3:41  Oracle, Probe  
  40  3:42  Probe  
  45  3:54  Probe  
  46  3:57  Pylon  
  46  3:59  Assimilator  
  46  4:01  Assimilator  
  46  4:06  Twilight Council  
  46  4:15  Probe x2  
  48  4:21  Oracle  
  48  4:23  Blink, Probe  
  49  4:27  Probe  
  49  4:30  Forge  
  49  4:31  Probe  
  51  4:34  Stalker  
  51  4:36  Pylon  
  51  4:38  Pylon  
  54  4:50  Protoss Ground Weapons Level 1  
  54  4:54  Probe  
  54  4:57  Stalker x3  
  54  4:59  Probe  
  62  5:06  Probe  
  63  5:16  Oracle  
  63  5:17  Nexus  
  66  5:22  Pylon  
  67  5:29  Stalker x2  
  70  5:40  Probe x2  
  70  5:41  Stalker, Pylon  
  74  5:52  Probe x2  
  76  6:01  Stalker, Gateway  
  76  6:03  Gateway  
  78  6:04  Probe x2  
  78  6:09  Pylon  
  80  6:14  Stalker  
  80  6:16  Probe  
  80  6:17  Probe  
  84  6:18  Stalker  
  84  6:24  Charge  
  86  6:29  Probe x3  
  89  6:35  Templar Archives  
  89  6:36  Protoss Ground Armor Level 1  
  89  6:38  Stalker x2  
  93  6:41  Probe x3  
  93  6:44  Stalker  
  98  6:51  Shield Battery  
  98  6:52  Shield Battery  
  98  6:53  Probe x3  
  101  7:03  Assimilator  
  101  7:04  Stalker  
  101  7:05  Stalker, Probe  
  101  7:07  Assimilator  
  106  7:09  Psionic Storm  
  106  7:10  Stalker  
  108  7:22  Probe  
  109  7:26  Pylon  
  109  7:27  Pylon  
  109  7:28  Pylon  
  109  7:42  Pylon  
  109  7:44  Probe x2  
  109  7:45  Pylon  
  109  7:48  Stalker x5  
  121  7:59  Gateway  
  121  8:00  Gateway  
  121  8:02  Gateway  
  121  8:04  Gateway  
  118  8:12  Stalker x4  
  122  8:13  High Templar  
  118  8:37  Stalker x4  
  126  8:46  Nexus  
  109  9:02  Stalker  
  109  9:03  Stalker x4  
  109  9:08  Protoss Ground Weapons Level 2, Pylon  
  115  9:17  High Templar  
  115  9:21  High Templar x2  
  115  9:22  Stalker  
  123  9:33  Assimilator  
  123  9:36  Oracle  
  120  9:39  Assimilator  
  120  9:41  Zealot x4  
  128  9:47  Zealot, High Templar  
  128  10:02  Stalker x3  
  134  10:08  Zealot x2  
  138  10:22  Zealot x4  
  144  10:35  Zealot x5  
  140  10:47  Nexus  
  118  10:58  Stalker  
  118  10:59  Stalker x5  
  118  11:02  High Templar x2  
  128  11:11  Pylon  
  128  11:16  Forge  
  128  11:24  Pylon  
  120  11:30  Archon  
  120  11:32  Zealot x5, High Templar x2  
  116  11:51  Assimilator, Probe x3  
  116  11:53  High Templar  
  116  11:54  High Templar  
  117  12:04  Zealot x2  
  117  12:05  Zealot x5  
  117  12:07  Nexus  
  129  12:11  Probe x2  
  129  12:12  Probe  
Tags
 
Add a new tag
Caveats
  • Supply blocks, unpowered buildings, or Contaminate may cause inaccurate times.
  • Supply counts are checked every 10 seconds.